 Dungeon Crawl Stone Soup version 0.27-a0-419-g7a85846853 (webtiles) character file.

Game seed: 13681865641693993724

335612 Chiseanne the Tortoise (level 20, -1/154 HPs)
             Began as a Demonspawn Wanderer on Feb 26, 2021.
             Was an Initiate of Gozag.
             Slain by a wolf spider simulacrum (4 damage)
             ... led by a necromancer
             ... while paralysed by a vampire knight
             ... on level 2 of the Crypt.
             The game lasted 01:44:07 (47954 turns).

Chiseanne the Tortoise (Demonspawn Wanderer)       Turns: 47954, Time: 01:44:07

Health: -1/154     AC: 30    Str: 26    XL:     20   Next: 96%
Magic:  0/29       EV:  2    Int: 21    God:    Gozag
Gold:   6907       SH:  0    Dex: 15    Spells: 27/32 levels left

rFire    + + .     SeeInvis +   a - +10 morningstar "Eos" {elec, Halo rElec}
rCold    + + .     Faith    .   R - +0 tower shield
rNeg     . . .     Spirit   +   P - +3 gold dragon scales
rPois    +         Reflect  .   e - +2 helmet {Int+3}
rElec    +         Harm     .   O - scarf {repulsion}
rCorr    +         Rampage  .   w - +3 pair of gauntlets of War {Slay+5}
Will     .....                  (boots unavailable)
Stlth    ..........             z - amulet "Yroh" {Spirit rPois SInv}
HPRegen  0.35/turn              j - ring of the Thirteen Queens {Str+9 Int+6 Dex-4}
MPRegen  0.21/turn              X - ring "Amiac" {rF+ EV+4}

@: paralysed, agile, weak-willed, glowing, repel missiles
A: hooves 3, yellow scales 3, cold resistance 1, deformed body, powered by death
2, powered by pain 3, subdued magic 1
}: 2/15 runes: barnacled, gossamer
a: Renounce Religion, Potion Petition, Call Merchant, Bribe Branch


You were on level 2 of the Crypt.
You worshipped Gozag.
Gozag was greatly pleased with you.
You visited 8 branches of the dungeon, and saw 38 of its levels.

You collected 18032 gold pieces.
You spent 7622 gold pieces at shops.
You paid 3503 gold pieces to Gozag.

Inventory:

Hand Weapons
 a - the +10 morningstar "Eos" (weapon) {elec, Halo rElec}
   (You bought it in a shop on level 15 of the Dungeon)

   Occasionally, upon striking a foe, it can discharge electrical energy and
   cause terrible harm.
   It insulates you from electricity.
 s - a +7 broad axe of flaming
Missiles
 n - 14 silver javelins
 o - 8 boomerangs of dispersal
 C - 54 boomerangs (quivered)
 D - 31 javelins
 H - a curare-tipped dart
 J - 6 throwing nets
 V - 14 silver boomerangs
Armour
 e - a +2 helmet of intelligence (worn)
 w - the +3 pair of gauntlets of War (worn) {Slay+5}
   (You acquired it on level 2 of the Orcish Mines)

   It affects your accuracy and damage with ranged weapons and melee attacks
   (+5).
 O - a scarf of repulsion (worn)
 P - +3 gold dragon scales (worn)
 R - a +0 tower shield (worn)
Jewellery
 i - a ring of flight
 j - the ring of the Thirteen Queens (left hand) {Str+9 Int+6 Dex-4}
   (You acquired it on level 15 of the Dungeon)

   [ring of intelligence]

   It affects your strength (+9).
   It affects your intelligence (+6).
   It affects your dexterity (-4).
 z - the amulet "Yroh" (around neck) {Spirit rPois SInv}
   (You acquired it on level 6 of the Dungeon)

   [amulet of guardian spirit]

   It causes incoming damage to be split between your health and magic.
   It protects you from poison.
   It lets you see invisible.
 G - a ring of positive energy
 X - the ring "Amiac" (right hand) {rF+ EV+4}
   (You bought it in a shop on level 15 of the Dungeon)

   [ring of evasion]

   It affects your evasion (+4).
   It protects you from fire.
Wands
 d - a wand of paralysis (14)
 q - a wand of digging (19)
 r - a wand of mindburst (37)
 y - a wand of flame (80)
 K - a wand of acid (16)
 W - a wand of charming (5)
Scrolls
 c - a scroll of enchant armour
 g - 6 scrolls of fog
 l - 4 scrolls of magic mapping
 p - 18 scrolls of teleportation
 x - a scroll of amnesia
 F - 5 scrolls of immolation
 I - 17 scrolls of identify
 M - a scroll of brand weapon
Potions
 b - 20 potions of curing
 h - 6 potions of magic
 m - 5 potions of cancellation
 t - a potion of berserk rage
 u - 8 potions of haste
 v - 6 potions of flight
 A - a potion of invisibility
 B - a potion of mutation
 N - 5 potions of ambrosia
Miscellaneous
 f - a lightning rod (4/4)
 k - a phial of floods
 E - a box of beasts
 Q - a condenser vane
 T - a phantom mirror
 U - a tin of tremorstones (2/2)


   Skills:
 - Level 12.5 Fighting
 - Level 14.1(14.7) Axes
 * Level 7.3(11.7) Maces & Flails
 * Level 10.0 Throwing
 * Level 16.1 Armour
 - Level 13.4 Dodging
 - Level 2.6 Stealth
 * Level 16.1 Shields
 - Level 1.7 Unarmed Combat
 - Level 6.5 Spellcasting
 - Level 4.2 Conjurations
 - Level 5.1 Translocations
 - Level 3.8 Air Magic
 - Level 4.1 Poison Magic


You had 27 spell levels left.
You knew the following spells:

 Your Spells              Type           Power        Failure   Level
a - Blink                 Tloc           N/A          69%         2
b - Mephitic Cloud        Conj/Pois/Air  18%          97%         3

Your spell library contained the following spells:

 Spells                   Type           Power        Failure   Level
 Apportation              Tloc           42%          54%         1
 Magic Dart               Conj           76%          67%         1
 Poisonous Vapours        Pois/Air       36%          85%         2
 Swiftness                Air            17%          86%         2
 Gell's Gravitas          Tloc           10%          89%         3
 Lesser Beckoning         Tloc           10%          89%         3
 Teleport Other           Tloc           21%          89%         3
 Foxfire                  Conj/Fire      48%          92%         1
 Sting                    Tmut/Pois      44%          93%         1
 Beastly Appendage        Tmut           10%          99%         1
 Corona                   Hex            5%           99%         1
 Portal Projectile        Hex/Tloc       26%          99%         3
 Call Imp                 Summ           5%           100%        2
 Ensorcelled Hibernation  Hex/Ice        10%          100%        2
 Passwall                 Tmut/Erth      4%           100%        2
 Slow                     Hex            5%           100%        2
 Wereblood                Tmut           5%           100%        2
 Confusing Touch          Hex            5%           100%        3
 Conjure Flame            Conj/Fire      12%          100%        3
 Dazzling Flash           Conj/Hex       24%          100%        3
 Frozen Ramparts          Ice            10%          100%        3
 Ignite Poison            Fire/Tmut/Pois 9%           100%        3
 Inner Flame              Hex/Fire       5%           100%        3
 Spider Form              Tmut/Pois      5%           100%        3
 Tukima's Dance           Hex            5%           100%        3
 Cause Fear               Hex            2%           100%        4
 Fulminant Prism          Conj/Hex       6%           100%        4
 Ice Form                 Ice/Tmut       5%           100%        4
 Leda's Liquefaction      Hex/Erth       2%           100%        4
 Manifold Assault         Tloc           21%          100%        4
 Olgreb's Toxic Radiance  Pois           18%          100%        4
 Passage of Golubria      Tloc           N/A          100%        4
 Sticky Flame             Conj/Fire      12%          100%        4
 Alistair's Intoxication  Tmut/Pois      7%           100%        5
 Blade Hands              Tmut           2%           100%        5
 Fireball                 Conj/Fire      6%           100%        5
 Lee's Rapid Deconstruct  Erth           2%           100%        5
 Dispersal                Tloc           10%          100%        6
 Invisibility             Hex            5%           100%        6
 Simulacrum               Ice/Necr       2%           100%        6
 Haunt                    Necr/Summ      2%           100%        7
 Malign Gateway           Summ/Tloc      6%           100%        7
 Monstrous Menagerie      Summ           2%           100%        7
 Disjunction              Tloc           10%          100%        8
 Summon Horrible Things   Summ           2%           100%        8


Dungeon Overview and Level Annotations

Branches:
Dungeon (15/15)            Temple (1/1) D:7            Lair (6/6) D:9
 Shoals (4/4) Lair:3       Spider (4/4) Lair:3        Slime (0/5) Lair:5
    Orc (2/2) D:11            Elf (0/3) Orc:2        Vaults (4/5) D:13
  Crypt (2/3) Vaults:3     Depths (0/5) D:15

Altars:
Cheibriados
Fedhas
Gozag
Kikubaaqudgha
Makhleb
Nemelex Xobeh
Qazlal
Uskayaw
Vehumet
Xom
Zin
Beogh
Jiyva

Shops:
D:4 ?   D:7 !   D:14 *   D:15 ==([   Orc:2 ::![?

Portals:
Abyss: D:14

Annotations:
D:9 3 runed translucent doors, OneTabMan's ghost, journeyman FeEn
D:11 3 runed translucent doors, Chiseanne's ghost, journeyman DsWn
D:14 2 transporters, Meekk's ghost, journeyman GnAK
Lair:6 exclusion: 3 oklob plants
Shoals:2 Jorgrun
Spider:2 1 runed translucent door, Yrishrysi's ghost, adept TrMo
Spider:4 1 runed translucent door, pantherbaby0's ghost, adept MiBe


Innate Abilities, Weirdness & Mutations

You have hooves in place of feet.
You are completely covered in yellow scales. (AC +4, rCorr)
Your flesh is cold resistant. (rC+)
You regenerate health from kills.
You are powered by pain.
Armour fits poorly on your strangely shaped body.
Your spells are a little easier to cast, but a little less powerful.


Message History

A tengu skeleton comes into view.
A kobold zombie comes into view.
Found 6 gold pieces.
A quicksilver dragon zombie comes into view.
The quicksilver dragon zombie bites you but does no damage.
The quicksilver dragon zombie claws you but does no damage.
A phantasmal warrior comes into view.
The quicksilver dragon zombie bites you but does no damage.
The quicksilver dragon zombie claws you but does no damage.
The wolf spider simulacrum hits you.
* * * LOW HITPOINT WARNING * * *
The wolf spider simulacrum freezes you! You resist.
* * * LOW HITPOINT WARNING * * *
The wolf spider simulacrum bites you but does no damage.
The necromancer mumbles some strange words.
The necromancer binds the souls of nearby monsters.
The quicksilver dragon zombie bites you but does no damage.
The quicksilver dragon zombie claws you but does no damage.
The tengu skeleton hits you but does no damage.
The tengu skeleton pecks you.
* * * LOW HITPOINT WARNING * * *
The tengu skeleton claws you but does no damage.
The wolf spider simulacrum hits you but does no damage.
The wolf spider simulacrum bites you but does no damage.
The quicksilver dragon zombie bites you but does no damage.
The quicksilver dragon zombie claws you but does no damage.
The wolf spider simulacrum hits you but does no damage.
The wolf spider simulacrum bites you but does no damage.
The tengu skeleton hits you but does no damage.
The tengu skeleton pecks you.
* * * LOW HITPOINT WARNING * * *
The tengu skeleton claws you but does no damage.
The quicksilver dragon zombie bites you but does no damage.
The quicksilver dragon zombie claws you but does no damage.
The necromancer mumbles some strange words.
The necromancer binds the souls of nearby monsters.
The wolf spider simulacrum hits you.
* * * LOW HITPOINT WARNING * * *
The wolf spider simulacrum freezes you. You resist.
You die...
Your body crumbles into a pile of gold.

#.# #.#####
#.#...#
#####...$.#
#..#......###
#..pZZ.......
#..ZZZ..W...
#@# #.# #.#
#.# #.# #..
#.# #.#


You could see a phantasmal warrior, a necromancer (invisible), a wolf spider
simulacrum, a black mamba zombie, a quicksilver dragon zombie, a kobold zombie
and a tengu skeleton.

Vanquished Creatures
  Frederick (Crypt:2)
  Jory (Crypt:2)
  Nikola (Vaults:3)
  Rupert (D:14)
  A lich (Vaults:4)
  Kirke (Shoals:2)
  A revenant (Crypt:2)
  A deep elf sorcerer (Vaults:4)
  A fire giant (Vaults:4)
  10 vault wardens
  A curse skull (Crypt:2)
  2 ghost moths (Spider:4)
  7 emperor scorpions
  Louise (D:14)
  A ghoul (Crypt:1)
  A very ugly thing (D:15)
  The ghost of Aapotti the Carver, a journeyman DgIE (Spider:1)
  4 stone giants
  20 ironheart preservers
  A reaper (Crypt:2)
  4 vampire knights
  The ghost of Ghazghkull the Severer, a journeyman MiBe of Trog (Spider:1)
  The ghost of Dolimn the Spear-Bearer, a journeyman DgFi (D:15)
  4 entropy weavers
  2 merfolk javelineers (Shoals:4)
  Snorg (Lair:6)
  An eidolon (Crypt:2)
  A deep elf death mage (Vaults:4)
  2 fire dragons (D:15)
  An ettin (Vaults:2)
  8 merfolk impalers
  2 crystal guardians (Vaults:4)
  4 jiangshi
  8 yaktaur captains
  2 rakshasas
  5 great orbs of eyes
  10 hydras
  13 vault guards
  16 ogre magi
  2 ice dragons
  Erolcha (D:9)
  11 boulder beetles
  4 catoblepae (Lair:6)
  6 centaur warriors
  4 merfolk avatars
  Erica (D:9)
  4 death knights
  30 two-headed ogres
  A satyr (Shoals:4)
  8 death yaks (Lair:6)
  A queen ant (Spider:1)
  4 deep troll shamans (Vaults:3)
  5 vampire magi
  An orc high priest (D:15)
  4 deep elf knights
  10 soul eaters
  9 sea snakes
  13 skeletal warriors
  14 deep trolls
  An unseen horror (D:13)
  A flayed ghost (Vaults:3)
  6 wizards
  11 ironbrand convokers
  8 deep elf archers
  A bunyip skeleton (Crypt:1)
  20 orc knights
  4 phantasmal warriors
  A deep elf zephyrmancer (Vaults:4)
  13 harpies
  25 ugly things
  16 orb spiders
  9 orc sorcerers
  4 deep elf pyromancers
  9 cyclopes
  9 fauns
  12 manticores
  2 cyclopes (shapeshifter)
  3 moths of wrath
  7 merfolk sirens
  26 wolf spiders
  9 black mambas
  14 vault sentinels
  A black mamba (shapeshifter) (Vaults:3)
  8 water nymphs
  21 elephants
  4 centaur zombies
  Joseph (D:9)
  2 molten gargoyles (Lair:5)
  4 gargoyles
  Maggie (D:9)
  11 cane toads
  5 torpor snails
  An efreet (D:15)
  13 yaktaurs
  A minotaur zombie (Crypt:1)
  10 demonic crawlers
  8 komodo dragons
  2 jumping spiders (shapeshifter)
  2 polar bears (shapeshifter)
  4 rime drakes
  6 freezing wraiths
  16 merfolk
  An iron troll skeleton (Crypt:1)
  A queen bee (Spider:1)
  Prince Ribbit (Lair:3)
  7 trolls
  5 meliai
  A troll (shapeshifter) (Vaults:1)
  17 blink frogs
  7 wind drakes
  5 dream sheep (Lair:6)
  5 hornets
  24 jumping spiders
  17 slime creatures
  7 snapping turtles
  A redback (shapeshifter) (Vaults:1)
  2 water elementals
  10 flying skulls
  9 wyverns
  5 vampires
  18 shadows
  24 tarantellas
  69 redbacks
  55 yaks
  6 wraiths
  3 basilisks
  Grum (D:10)
  6 vampire mosquitoes
  7 wargs
  3 soldier ants (Spider:2)
  3 acid dragons
  14 water moccasins
  12 ice beasts
  3 sky beasts
  3 black bears
  35 orc warriors
  4 necrophages (Crypt:1)
  An ice beast (shapeshifter) (Vaults:4)
  10 boggarts
  An eye of draining (shapeshifter) (Vaults:2)
  13 wolves
  23 centaurs
  35 ogres
  3 phantoms
  A draconian zombie (Crypt:1)
  3 kobold brigands
  Blork the orc (D:5)
  A rime drake skeleton (Crypt:2)
  27 bullfrogs
  A komodo dragon skeleton (Crypt:2)
  A palentonga skeleton (Crypt:1)
  A water moccasin zombie (Crypt:1)
  A wyvern skeleton (D:14)
  4 scorpions
  A water moccasin skeleton (D:6)
  24 killer bees
  A raiju skeleton (Crypt:1)
  16 wights
  A vampire bat (Orc:1)
  2 electric eels
  4 howler monkeys
  2 bullfrog zombies
  5 lava snakes (Lair:5)
  8 jellies
  A quasit (D:7)
  20 orc priests
  3 bullfrog skeletons
  7 centaur skeletons
  6 hounds
  An iguana (D:10)
  4 hell rats (Lair:4)
  39 orc wizards
  27 worker ants
  A hound zombie (D:6)
  A hound skeleton (D:10)
  A worker ant zombie (D:10)
  A howler monkey skeleton (Crypt:1)
  6 adders
  18 gnolls
  2 shadow imps
  6 white imps
  2 ufetubi (D:10)
  3 adder skeletons
  3 worms
  4 dart slugs
  5 leopard geckos
  91 orcs
  3 ball pythons
  12 bats
  6 giant cockroaches
  15 goblins
  13 hobgoblins
  8 jackals
  10 quokkas
  4 frilled lizards
  A goblin zombie (Crypt:2)
  A jackal skeleton (D:5)
  18 kobolds
  A quokka skeleton (D:6)
  A quokka zombie (D:5)
  7 rats
1543 creatures vanquished.

Vanquished Creatures (collateral kills)
  A ghost moth (Spider:4)
  3 slime creatures (Vaults:1)
  A wraith (D:14)
  An orc wizard (D:14)
6 creatures vanquished.

Vanquished Creatures (others)
  An ironheart preserver (Vaults:3)
  A dancing weapon (Vaults:2)
  An ironbrand convoker (Vaults:2)
  A harpy (Vaults:3)
  A freezing wraith (Vaults:3)
  A yaktaur (Vaults:3)
  3 ogres (Vaults:3)
  An orc wizard (Orc:2)
  A worker ant (Spider:2)
  A kobold (D:9)
  7 fungi
  59 plants
78 creatures vanquished.

Grand Total: 1627 creatures vanquished

Notes
Turn   | Place    | Note
-------+----------+-------------------------------------------
     0 | D:1      | Chiseanne the Demonspawn Wanderer began the quest for the
                  | Orb.
     0 | D:1      | Chiseanne set off with the following items: a +0 club, a
                  | potion of curing, a +0 buckler, a +2 scale mail, a +0
                  | dagger
     0 | D:1      | Reached XP level 1. HP: 16/16 MP: 1/1
   241 | D:1      | Gained mutation: You sometimes gain a little power by
                  | taking damage. [demonic ancestry]
   241 | D:1      | Reached XP level 2. HP: 20/22 MP: 2/2
  1073 | D:2      | Reached skill level 1 in Dodging
  1163 | D:2      | Reached XP level 3. HP: 11/28 MP: 3/3
  2139 | D:3      | Gained mutation: You sometimes gain power by taking damage.
                  | [demonic ancestry]
  2139 | D:3      | Reached XP level 4. HP: 33/34 MP: 4/4
  2226 | D:3      | Found a blossoming altar of Fedhas.
  2655 | D:3      | Gained mutation: You are partially covered in yellow
                  | scales. (AC +2) [demonic ancestry]
  2655 | D:3      | Reached XP level 5. HP: 38/41 MP: 5/5
  2872 | D:3      | Gained mutation: You have large cloven feet. [demonic
                  | ancestry]
  2872 | D:3      | Reached XP level 6. HP: 64/64 MP: 6/6
  2900 | D:4      | Found Toipomideb's Magic Scroll Shoppe.
  3603 | D:5      | Entered Level 5 of the Dungeon
  3718 | D:5      | Gained mutation: You have hoof-like feet. [demonic
                  | ancestry]
  3718 | D:5      | Reached XP level 7. HP: 52/70 MP: 7/7
  3907 | D:5      | Noticed Blork the orc
  3916 | D:5      | Killed Blork the orc
  4411 | D:6      | Identified the +3 pair of boots of Stained Curiosity {-Cast
                  | rPois rC+}
  4464 | D:6      | Gained mutation: You are powered by pain. [demonic
                  | ancestry]
  4464 | D:6      | Reached XP level 8. HP: 56/78 MP: 8/8
  4610 | D:6      | Noticed a troll
  5500 | D:6      | Identified a scroll of acquirement
  5500 | D:6      | Acquired the amulet "Yroh" {Spirit rPois SInv}
  5628 | D:6      | Learned a level 2 spell: Blink
  5868 | D:6      | Killed a troll
  5869 | D:6      | Gained mutation: You regenerate a little health from kills.
                  | [demonic ancestry]
  5869 | D:6      | Reached XP level 9. HP: 9/83 MP: 1/10
  6617 | D:7      | Reached skill level 1 in Spellcasting
  6617 | D:7      | Reached skill level 1 in Translocations
  6695 | D:7      | Found Sexzoet's Distillery.
  6765 | D:7      | Found a staircase to the Ecumenical Temple.
  6836 | Temple   | Entered the Ecumenical Temple
  6911 | Temple   | Became a worshipper of Gozag Ym Sagoz the Greedy
  7176 | D:7      | Noticed a freezing wraith
  8228 | D:8      | Reached skill level 5 in Armour
  8282 | D:8      | Noticed a two-headed ogre
  8292 | D:8      | Killed a two-headed ogre
  8293 | D:8      | Reached skill level 1 in Axes
  8293 | D:8      | Reached XP level 10. HP: 39/90 MP: 4/14
  8522 | D:8      | Reached skill level 5 in Shields
  8694 | D:8      | Found a snail-covered altar of Cheibriados.
  8881 | D:8      | Identified the +6 spear "Fyux" {vorpal, Int+4}
  8887 | D:8      | Found an opulent altar of Gozag.
  8990 | D:9      | Noticed Joseph
  9009 | D:9      | Killed Joseph
  9099 | D:9      | Reached skill level 5 in Dodging
  9153 | D:9      | Found a staircase to the Lair.
  9158 | D:9      | Noticed Erica
  9158 | D:9      | Paralysed by Erica for 7 turns
  9173 | D:9      | Paralysed by Erica for 2 turns
  9187 | D:9      | Killed Erica
  9188 | D:9      | Found a runed translucent gate.
  9188 | D:9      | Found a runed translucent gate.
  9196 | D:9      | Found a runed translucent gate.
  9496 | D:9      | Noticed Maggie
  9525 | D:9      | Killed Maggie
  9823 | D:9      | Noticed Erolcha
  9836 | D:9      | Killed Erolcha
 10049 | D:9      | Gained mutation: You have hooves in place of feet. [demonic
                  | ancestry]
 10049 | D:9      | Reached XP level 11. HP: 91/96 MP: 14/16
 10537 | D:9      | Noticed OneTabMan's ghost (journeyman FeEn)
 10553 | D:10     | Entered Level 10 of the Dungeon
 10851 | D:10     | Noticed Grum
 10858 | D:10     | Killed Grum
 10882 | D:10     | Identified the +9 shortbow "Zedydeyd" {vorpal, +Blink rN++
                  | Dex-4}
 11780 | D:11     | Identified the +8 spear of Azyimpyz {pain, Int+3}
 11787 | D:11     | Noticed a white ugly thing
 11839 | D:11     | Killed a white ugly thing
 11885 | D:11     | Found a staircase to the Orcish Mines.
 11905 | D:11     | Found a runed translucent gate.
 11907 | D:11     | Found a runed translucent gate.
 11907 | D:11     | Found a runed translucent gate.
 11910 | D:11     | Noticed Chiseanne's ghost (journeyman DsWn)
 11936 | D:11     | Noticed a green ugly thing
 11946 | D:11     | Killed a green ugly thing
 12112 | D:11     | Noticed a brown ugly thing
 12125 | D:11     | Killed a brown ugly thing
 12126 | D:11     | Reached skill level 5 in Translocations
 12306 | D:11     | Noticed a boulder beetle
 12321 | D:11     | Killed a boulder beetle
 12322 | D:11     | Reached skill level 5 in Spellcasting
 12539 | D:11     | Learned a level 3 spell: Mephitic Cloud
 12690 | D:11     | Noticed a seven-headed hydra
 12697 | D:11     | Killed a four-headed hydra
 12874 | D:11     | Noticed a brown ugly thing
 12891 | D:11     | Killed a brown ugly thing
 12892 | D:11     | Reached skill level 1 in Conjurations
 12892 | D:11     | Reached skill level 1 in Poison Magic
 12892 | D:11     | Gained mutation: You regenerate health from kills. [demonic
                  | ancestry]
 12892 | D:11     | Reached XP level 12. HP: 61/103 MP: 9/19
 13288 | D:11     | Noticed a boulder beetle
 13305 | D:11     | Killed a boulder beetle
 13306 | D:11     | Reached skill level 1 in Air Magic
 14128 | D:12     | Reached skill level 5 in Axes
 14330 | D:13     | Noticed a six-headed hydra
 14340 | D:13     | Killed a one-headed hydra
 14359 | D:13     | Noticed a vault guard
 14360 | D:13     | Noticed a vault guard
 14371 | D:13     | Noticed a vault guard
 14373 | D:13     | Noticed a four-headed hydra
 14374 | D:13     | Noticed a centaur warrior
 14375 | D:13     | Killed a vault guard
 14400 | D:13     | Killed a vault guard
 14410 | D:13     | Killed a vault guard
 14437 | D:13     | Noticed a vault guard
 14441 | D:13     | Killed a centaur warrior
 14458 | D:13     | Killed a vault guard
 14474 | D:13     | Killed a one-headed hydra
 14475 | D:13     | Reached XP level 13. HP: 109/109 MP: 13/22
 14534 | D:13     | Found a gate to the Vaults.
 15751 | D:14     | Found a one-way gate to the infinite horrors of the Abyss.
 15751 | D:14     | Noticed Meekk's ghost (journeyman GnAK)
 15753 | D:14     | Noticed a cacodemon
 15818 | D:14     | Found a transporter.
 15874 | D:14     | Noticed Rupert
 15876 | D:14     | Found a transporter.
 15890 | D:14     | Killed Rupert
 16574 | D:14     | Noticed Louise
 16624 | D:14     | Killed Louise
 17343 | D:14     | Found Qynat's Blood Bar.
 17656 | D:15     | Entered Level 15 of the Dungeon
 17661 | D:15     | Noticed a green very ugly thing
 17672 | D:15     | Killed a green very ugly thing
 17698 | D:15     | Acquired the ring of the Thirteen Queens {Str+9 Int+6
                  | Dex-4}
 18156 | D:15     | Noticed a fire dragon
 18163 | D:15     | Noticed a fire dragon
 18168 | D:15     | Killed a fire dragon
 18173 | D:15     | Killed a fire dragon
 18181 | D:15     | Found a staircase to the Depths.
 18360 | D:15     | Bought the +10 morningstar "Eos" {elec, Halo rElec} for
                  | 2146 gold pieces
 18360 | D:15     | Found the +10 morningstar "Eos" {elec, Halo rElec}
 18430 | D:15     | Reached XP level 14. HP: 42/116 MP: 19/23
 18741 | D:15     | Found a runed translucent gate.
 18741 | D:15     | Noticed Dolimn's ghost (journeyman DgFi)
 18803 | D:15     | Identified the +3 great mace of Koxtasy {vorpal, +Blink
                  | rElec}
 18803 | D:15     | Identified the +0 plate armour of Keutacw {Str+3}
 18805 | D:15     | Found a runed translucent gate.
 18805 | D:15     | Found a runed translucent gate.
 18806 | D:15     | Found a roughly hewn altar of Beogh.
 18851 | D:15     | Killed Dolimn's ghost
 19551 | D:15     | Identified the +6 plate armour "Lewude Olet" {rC+}
 19843 | D:15     | Bought a +2 helmet of intelligence for 344 gold pieces
 19892 | D:14     | Noticed a shadow dragon
 19957 | Orc:1    | Entered Level 1 of the Orcish Mines
 20441 | Orc:2    | Entered Level 2 of the Orcish Mines
 20479 | Orc:2    | Found Junol's Magic Scroll Emporium.
 20668 | Orc:2    | Bought a scroll of acquirement for 780 gold pieces
 20669 | Orc:2    | Acquired 689 gold pieces
 20672 | Orc:2    | Bought a scroll of acquirement for 780 gold pieces
 20673 | Orc:2    | Acquired the +3 pair of gauntlets of War {Slay+5}
 20674 | Orc:2    | Found the +3 pair of gauntlets of War {Slay+5}
 20865 | Orc:2    | Found Pamm's Antique Armour Emporium.
 20885 | Orc:2    | Found an ancient bone altar of Kikubaaqudgha.
 20901 | Orc:2    | Found Ijyaf's Distillery.
 20922 | Orc:2    | Found a radiant altar of Vehumet.
 20928 | Orc:2    | Reached skill level 10 in Armour
 20930 | Orc:2    | Paralysed by an orc sorcerer for 5 turns
 20959 | Orc:2    | Bought a potion of degeneration for 13 gold pieces
 20959 | Orc:2    | Bought a potion of heal wounds for 65 gold pieces
 20959 | Orc:2    | Bought a potion of curing for 39 gold pieces
 20959 | Orc:2    | Bought a potion of curing for 39 gold pieces
 20959 | Orc:2    | Bought a potion of cancellation for 104 gold pieces
 20973 | Orc:2    | Found a roughly hewn altar of Beogh.
 20973 | Orc:2    | Found Epaffum's Book Emporium.
 21000 | Orc:2    | Found Himon Ewa's Book Shoppe.
 21142 | Orc:2    | Found a roughly hewn altar of Beogh.
 21142 | Orc:2    | Found a staircase to the Elven Halls.
 21202 | Orc:2    | Found a roughly hewn altar of Beogh.
 21679 | Lair:1   | Entered Level 1 of the Lair of Beasts
 21789 | Lair:1   | Reached skill level 10 in Shields
 21989 | Lair:1   | Reached skill level 10 in Dodging
 22664 | Lair:2   | Found a frozen archway.
 22938 | Lair:2   | Reached XP level 15. HP: 100/122 MP: 17/24
 23550 | Lair:3   | Found a hole to the Spider Nest.
 23558 | Lair:3   | Noticed Prince Ribbit
 23569 | Lair:3   | Killed Prince Ribbit
 23908 | Lair:3   | Found a staircase to the Shoals.
 25439 | D:14     | Noticed a sphinx
 25439 | D:14     | a shadow dragon changed into a sphinx
 25480 | D:15     | Bought +2 gold dragon scales for 1472 gold pieces
 25530 | D:14     | Noticed a ghost moth
 25530 | D:14     | a death yak changed into a ghost moth
 25531 | D:14     | a ghost moth changed into a goliath frog
 26071 | Lair:5   | Found a staircase to the Slime Pits.
 26072 | Lair:5   | Found a viscous altar of Jiyva.
 26358 | D:4      | Bought a scroll of identify for 26 gold pieces
 26358 | D:4      | Bought a scroll of amnesia for 45 gold pieces
 26358 | D:4      | Bought a scroll of enchant weapon for 97 gold pieces
 26358 | D:4      | Bought a scroll of teleportation for 39 gold pieces
 26358 | D:4      | Bought a scroll of teleportation for 39 gold pieces
 26358 | D:4      | Bought a scroll of identify for 26 gold pieces
 26358 | D:4      | Bought a scroll of summoning for 123 gold pieces
 26358 | D:4      | Bought a scroll of fear for 45 gold pieces
 26358 | D:4      | Bought a scroll of identify for 26 gold pieces
 26447 | D:7      | Bought a potion of curing for 45 gold pieces
 26447 | D:7      | Bought a potion of curing for 45 gold pieces
 26447 | D:7      | Bought a potion of ambrosia for 120 gold pieces
 26447 | D:7      | Bought a potion of heal wounds for 75 gold pieces
 27417 | Lair:6   | Entered Level 6 of the Lair of Beasts
 27518 | Lair:6   | Reached skill level 10 in Axes
 27862 | Lair:6   | Found a snail-covered altar of Cheibriados.
 28453 | Lair:6   | Gained mutation: You are mostly covered in yellow scales.
                  | (AC +3) [demonic ancestry]
 28453 | Lair:6   | Reached XP level 16. HP: 129/129 MP: 23/25
 28956 | Lair:6   | Noticed Snorg
 28996 | Lair:6   | Killed Snorg
 29749 | Orc:2    | Bought a scroll of magic mapping for 52 gold pieces
 29749 | Orc:2    | Bought a scroll of teleportation for 45 gold pieces
 29749 | Orc:2    | Bought a scroll of magic mapping for 52 gold pieces
 29903 | D:7      | Bought a potion of berserk rage for 75 gold pieces
 29903 | D:7      | Bought a potion of curing for 45 gold pieces
 29903 | D:7      | Bought a potion of curing for 45 gold pieces
 29903 | D:7      | Bought a potion of heal wounds for 75 gold pieces
 30035 | Spider:1 | Entered Level 1 of the Spider Nest
 30675 | Spider:1 | Found a runed translucent gate.
 30676 | Spider:1 | Found a runed translucent gate.
 30678 | Spider:1 | Found a runed translucent gate.
 30679 | Spider:1 | Noticed Ghazghkull's ghost (journeyman MiBe)
 30680 | Spider:1 | Noticed Aapotti's ghost (journeyman DgIE)
 30697 | Spider:1 | Killed Ghazghkull's ghost
 30713 | Spider:1 | Killed Aapotti's ghost
 32629 | Spider:2 | Identified Sif Muna's Disquisition on Dislocation and the
                  | Blaze
 32793 | Spider:2 | Found a runed translucent door.
 32794 | Spider:2 | Found a shimmering altar of Xom.
 32794 | Spider:2 | Noticed Yrishrysi's ghost (adept TrMo)
 34110 | Spider:4 | Entered Level 4 of the Spider Nest
 34335 | Spider:4 | Found a runed translucent door.
 34375 | Spider:4 | Noticed pantherbaby0's ghost (adept MiBe)
 34633 | Spider:4 | Reached XP level 17. HP: 62/135 MP: 17/26
 35474 | Spider:4 | Got a gossamer rune of Zot
 35738 | Shoals:1 | Entered Level 1 of the Shoals
 35829 | Shoals:2 | Noticed Jorgrun
 36291 | Shoals:2 | Noticed Kirke
 36302 | Shoals:2 | Killed Kirke
 36459 | Shoals:4 | Entered Level 4 of the Shoals
 36466 | Shoals:4 | Identified the Papyrus of a Hundred Ships
 36917 | Shoals:4 | Identified the ring "Ecobixuh" {+Fly rN+ Str+5 Slay-5}
 37051 | Shoals:4 | Gained mutation: Your flesh is cold resistant. (rC+)
                  | [demonic ancestry]
 37051 | Shoals:4 | Reached XP level 18. HP: 82/141 MP: 7/27
 37066 | Shoals:4 | Got a barnacled rune of Zot
 37658 | D:15     | Bought the ring "Amiac" {rF+ EV+4} for 700 gold pieces
 37783 | Vaults:1 | Entered Level 1 of the Vaults
 37879 | Vaults:1 | Reached skill level 1 in Throwing
 40172 | Vaults:2 | Reached skill level 5 in Throwing
 40268 | Vaults:2 | You fall into a shaft and drop 2 floors!
 40511 | Vaults:4 | Reached XP level 19. HP: 139/147 MP: 25/28
 42432 | Vaults:4 | Paralysed by a great orb of eyes for 5 turns
 42873 | Vaults:3 | Reached skill level 1 in Maces & Flails
 43092 | Vaults:3 | Noticed Nikola
 43134 | Vaults:3 | Killed Nikola
 43135 | Vaults:3 | Reached skill level 15 in Armour
 43142 | Vaults:3 | Paralysed by an ogre mage for 6 turns
 43157 | Vaults:3 | Reached skill level 15 in Shields
 43321 | Vaults:3 | Found a staircase to the Crypt.
 44013 | Vaults:3 | Gained mutation: You are completely covered in yellow
                  | scales. (AC +4, rCorr) [demonic ancestry]
 44013 | Vaults:3 | Reached XP level 20. HP: 74/154 MP: 16/29
 44067 | Vaults:3 | Paralysed by an ogre mage for 4 turns
 44270 | Vaults:3 | You fall into a shaft and drop 1 floor!
 44851 | Vaults:2 | Reached skill level 5 in Maces & Flails
 44861 | Vaults:2 | Gained mutation: Armour fits poorly on your strangely
                  | shaped body. [a shining eye]
 44862 | Vaults:2 | Gained mutation: Your spells are a little easier to cast,
                  | but a little less powerful. [a shining eye]
 45777 | Crypt:1  | Entered Level 1 of the Crypt
 46404 | Crypt:1  | Found a shimmering altar of Xom.
 47329 | Crypt:2  | Noticed Jory
 47331 | Crypt:2  | Noticed Frederick
 47344 | Crypt:2  | Killed Jory
 47355 | Crypt:2  | Killed Frederick
 47944 | Crypt:2  | Reached skill level 10 in Throwing
 47949 | Crypt:2  | Paralysed by a vampire knight for 7 turns
 47952 | Crypt:2  | HP: 7/154 [tengu skeleton[a necromancer] (2)]
 47954 | Crypt:2  | HP: 3/154 [wolf spider simulacrum[a necromancer] (3)]
 47954 | Crypt:2  | Slain by a wolf spider simulacrum

Illustrated notes

Levels and vault maps discovered:
D:1:      wander_arrival_estate, layout_loops_ring
D:2:      layout_basic, minmay_goblin_outpost
D:3:      layout_loops_cross, fedhas_altar_4
D:4:      layout_rooms, serial_shops, shop
D:5:      layout_basic, uniq_blork_the_orc
D:6:      hangedman_cross_stitches, layout_basic,
          minmay_fractal_squares_diagonal_5
D:7:      layout_rooms, minmay_temple_entry_fiery, serial_shops, shop,
          nzn_random_ring
D:8:      layout_cave_pools, kennysheep_mini_moat, grunt_ministairs_6,
          corexii_checkpoint_a, grunt_gozag_breadcrumbs
D:9:      layout_basic, david_lair_generic, ebering_ghost_rock_garden,
          uniq_erica, uniq_joseph, uniq_maggie, uniq_erolcha
D:10:     layout_basic, minivault_5, uniq_grum
D:11:     layout_basic, david_orc_2, gammafunk_ghost_spectres,
          kennysheep_generic_room_10
D:12:     layout_rooms
D:13:     layout_roguey, lightli_vaults_fourway_checkpoint
D:14:     layout_roguey, gammafunk_ghost_abyssal_escape,
          chequers_decorated_corner, guppyfry_shop_blood, uniq_louise,
          uniq_rupert
D:15:     grunt_enter_depths_hoard, layout_basic, biasface_ghost_orc_armoury,
          grunt_potential
Temple:   grunt_wide_crystal_templ
Lair:1:   layout_cellular_growth
Lair:2:   layout_small_grid, portal_ice_cave_entry_ice_beasts,
          lemuel_fruit_tree, grunt_megastairs_1
Lair:3:   layout_roguey, minmay_shoals_entry_beasts,
          spider_nest_entry_web_field, serial_bayou_pond_a, uniq_prince_ribbit2
Lair:4:   layout_hall_layers
Lair:5:   cheibrodos_magma_flow, layout_big_grid, slime_altar_1,
          nicolae_quartered_pool_super
Lair:6:   evilmike_catoblepas_cave, layout_cellular_growth,
          gauntlet_entry_generic, kennysheep_snail_temple, grunt_megastairs_4,
          infiniplex_staircase_pool, minmay_lair_oklob_chamber, uniq_snorg
Shoals:1: layout_shoals
Shoals:2: layout_shoals, uniq_jorgrun, uniq_ilsuiw, uniq_kirke
Shoals:3: layout_shoals, uniq_bai_suzhen
Shoals:4: shoals_end_simple, layout_shoals
Spider:1: layout_chambers, gammafunk_ghost_cemetery,
          nicolae_looking_at_the_future
Spider:2: layout_spider_delve, ebering_ghost_xom, minmay_another_anthill
Spider:3: layout_spider_delve, nicolae_spider_shape
Spider:4: grunt_spider_rune_circles, ebering_ghost_inner_flame
Orc:1:    layout_diamond_mine, roderic_batcave
Orc:2:    kennysheep_orc_mage_school, layout_diamond_mine, basic_altar,
          serial_shops, shop_statue, statue_in_the_mist_lemuel,
          lemuel_statue_altar
Vaults:1: vaults_mumra_minichess_inversion, nicolae_vaults_theta,
          hangedman_vaults_capsules, grunt_vaults_focal, v_misc_13,
          nicolae_vaults_shelves_hall, grunt_vaults_funnel,
          nicolae_vaults_meeting, hangedman_vaults_cutoff, vaults_room_corners,
          vaults_room_grunt_arrival_ludios, vaults_room_pools,
          layout_vaults_ring, serial_shops, bzr_entry_customers
Vaults:2: ontoclasm_vaults_twist, ontoclasm_vaults_eye,
          nicolae_vaults_ninety_degrees, nicolae_vaults_theta, v_alt_pattern_3,
          hangedman_vaults_nodes, hangedman_vaults_corner, vaults_mumra_hexcomb,
          v_rooms_5, vaults_dpeg_hooks, st_cells, ontoclasm_vaults_misaligned,
          layout_vaults_maze
Vaults:3: nicolae_vaults_network_star, vaults_room_hallway, vaults_room_octagon,
          vaults_room_pool, v_misc_10, minmay_crypt_entry_vampire_xt,
          vaults_mumra_hex, vaults_room_large_hall, vaults_standard_mumra_lines,
          nicolae_vaults_border_crossing, vaults_room_semicircle,
          layout_vaults_omnibox, uniq_nikola
Vaults:4: v_misc_8, vaults_mumra_minichess, ontoclasm_vaults_ring_large,
          v_misc_23, v_misc_13, hangedman_vaults_restitches,
          nicolae_vaults_triangles, nicolae_vaults_mini_display_case,
          layout_vaults_chaotic_city
Crypt:1:  minmay_shadows, layout_catacombs, amcnicky_altar_gilded,
          grunt_crypt_arrival_split
Crypt:2:  layout_misc_corridors, uniq_khufu, uniq_jory, uniq_frederick

Skill      XL: |  1  2  3  4  5  6  7  8  9 10 11 12 13 14 15 16 17 18 19 20 |
---------------+-------------------------------------------------------------+-----
Armour         | 2 3 4 5 6 7 8 10 11 12 13 14 15 16 | 16.1
Dodging        | 1 2 3 4 5 6 7 8 10 11 12 13 | 13.4
Shields        | 2 3 4 5 6 7 8 10 11 12 13 14 15 16 | 16.1
Fighting       | 3 12 | 12.5
Spellcasting   | 2 3 5 6 |  6.5
Translocations | 2 3 5 |  5.1
Axes           | 1 2 4 5 7 9 10 11 12 13 14 | 14.1
Conjurations   | 1 3 4 |  4.2
Poison Magic   | 1 3 4 |  4.1
Air Magic      | 3 |  3.8
Throwing       | 5 8 10 | 10.0
Maces & Flails | 4 7 |  7.3
Stealth        | |  2.6
Unarmed Combat | |  1.7

Action                   |  1- 3 |  4- 6 |  7- 9 | 10-12 | 13-15 | 16-18 | 19-21 || total
-------------------------+-------+-------+-------+-------+-------+-------+-------++-------
Melee: Club              |   114 |       |       |       |       |       |       ||   114
       Spear             |    25 |       |       |       |       |       |       ||    25
       Short sword       |    76 |       |       |       |       |       |       ||    76
       Dagger            |    17 |   128 |   340 |   110 |    29 |       |       ||   624
       Kick              |       |    35 |    19 |   166 |   415 |   562 |   480 ||  1677
       War axe           |       |    10 |    89 |       |       |       |       ||    99
       Broad axe         |       |       |    44 |   451 |   251 |    25 |       ||   771
       Morningstar       |       |       |       |       |   726 |  1347 |  1059 ||  3132
       Scimitar          |       |       |       |       |    15 |       |       ||    15
Throw: Stone             |    17 |       |       |       |       |       |       ||    17
       Dart              |       |       |     7 |    10 |       |       |       ||    17
       Throwing net      |       |       |       |     1 |       |       |       ||     1
       Boomerang         |       |       |       |       |     5 |    23 |     3 ||    31
Invok: Call Merchant     |       |       |       |       |     2 |     2 |       ||     4
Evoke: Wand              |       |       |       |       |    15 |    47 |     6 ||    68
       Condenser vane    |       |       |       |       |     2 |     2 |       ||     4
       Phial of floods   |       |       |       |       |     1 |     1 |       ||     2
       Box of beasts     |       |       |       |       |       |     3 |       ||     3
       Tin of tremorston |       |       |       |       |       |     2 |       ||     2
  Use: Scroll            |     4 |     6 |    16 |     6 |    10 |    16 |     3 ||    61
       Potion            |       |     1 |     3 |     4 |     8 |     8 |     4 ||    28
 Stab: Distracted        |       |       |     1 |     5 |    10 |    17 |     6 ||    39
       Sleeping          |       |       |       |     1 |       |       |       ||     1
       Confused          |       |       |       |       |       |     3 |       ||     3
       Held in net/web   |       |       |       |       |       |     1 |       ||     1
Armor: Scale mail        |   138 |    67 |   287 |    65 |       |       |       ||   557
       Swamp dragon scal |       |       |       |   158 |   286 |       |       ||   444
       Gold dragon scale |       |       |       |       |   209 |  1295 |   616 ||  2120
Dodge: Dodged            |   134 |    60 |   341 |   373 |   473 |   994 |   619 ||  2994
       Repelled          |       |       |       |     3 |     8 |     6 |    10 ||    27
Block: Buckler           |    71 |    28 |   172 |   179 |     2 |       |       ||   452
       Tower shield      |       |       |       |       |  1041 |  2165 |  1455 ||  4661
       Kite shield       |       |       |       |       |    53 |       |       ||    53
       Rpst.: Scimitar   |       |       |       |       |     3 |       |       ||     3

Table legend: (Time is in decaauts)
 A = Elapsed time spent in this place.
 B = Non-inter-level travel time spent in this place.
 C = Inter-level travel time spent in this place.
 D = Time resting spent in this place.
 E = Time spent auto-exploring this place.
 F = Levels seen in this place.
 G = Mean time per level.
                   A        B        C        D        E       F      G
               +--------+--------+--------+--------+--------+-----+--------+
         Total |  49658 |  46135 |   3523 |   9485 |  25102 |  38 | 1306.8 |
       Dungeon |  22147 |  20352 |   1795 |   5962 |   9694 |  15 | 1476.5 |
        Temple |     83 |     83 |      0 |      0 |     69 |   1 |   83.0 |
          Lair |   7580 |   6747 |    833 |    552 |   4991 |   6 | 1263.3 |
        Shoals |   1836 |   1721 |    115 |    462 |     50 |   4 |  459.0 |
   Spider Nest |   5930 |   5778 |    152 |   1177 |   3215 |   4 | 1482.5 |
  Orcish Mines |   1821 |   1642 |    179 |    117 |   1122 |   2 |  910.5 |
        Vaults |   8029 |   7612 |    417 |    902 |   4580 |   4 | 2007.2 |
         Crypt |   2227 |   2198 |     29 |    312 |   1379 |   2 | 1113.5 |
               +--------+--------+--------+--------+--------+-----+--------+

Top non-repeatable levels by time:
Vaults:4: 2692 daAuts
    D:14: 2494 daAuts
Spider:1: 2464 daAuts
     D:6: 2371 daAuts
    D:15: 2283 daAuts
Vaults:3: 2095 daAuts
Vaults:1: 2042 daAuts
  Lair:6: 2012 daAuts
    D:11: 1959 daAuts
 Crypt:1: 1888 daAuts
     D:9: 1879 daAuts
    D:13: 1871 daAuts
Spider:4: 1629 daAuts
    D:10: 1493 daAuts
     D:7: 1461 daAuts
